3AA
WESTWOOD SIXSHOOTERS @ FT. POLK SOUTH THUNDER HAWKS
07/14/2034
 
TOP OF THE 1ST
Westwood Sixshooters batting - Pitching for Ft. Polk South Thunder Hawks : LHP Min-chin Kim
Pitching: LHP Min-chin Kim
Batting: RHB Wallace Bane 0-0: Swinging Strike
0-1: Ball
1-1: Foul Ball, location: 2F
1-2: Ball
2-2: Strikes out swinging
Batting: RHB Bob Kassell 0-0: Ball
1-0: Ball
2-0: Called Strike
2-1: Ball
3-1: Called Strike
3-2: Base on Balls
Batting: RHB Oki Hai 0-0: Called Strike
0-1: Swinging Strike
0-2: Fielders Choice at 2nd, 4-6 (Groundball, 4)
Batting: RHB Simone Catalani 0-0: Ball
1-0: Called Strike
1-1: Ball
2-1: Foul Ball, location: 2F
2-2: Ball
3-2: Foul Ball, location: 2F
3-2: Foul Ball, location: 2F
3-2: Foul Ball, location: 2F
3-2: Base on Balls
Oki Hai to second
Batting: SHB José Tirado 0-0: Ball
1-0: Reached on error, E6 (Groundball, 6)
Oki Hai to third
Simone Catalani to second
Batting: RHB Mark Merry 0-0: Called Strike
0-1: Ball
1-1: Ball
2-1: Ball
3-1: Foul Ball, location: 2F
3-2: Ground out 5-3 (Groundball, 56)
Top of the 1st over - 0 runs, 0 hits, 1 error, 3 left on base; Westwood 0 - Ft. Polk South 0
BOTTOM OF THE 1ST
Ft. Polk South Thunder Hawks batting - Pitching for Westwood Sixshooters : LHP Gilberto Blanca
Pitching: LHP Gilberto Blanca
Batting: LHB Augusto Reyes 0-0: Called Strike
0-1: Ball
1-1: SOLO HOME RUN (Flyball, 9D), Distance : 372 ft
Batting: LHB Yu Miao 0-0: Ball
1-0: Ball
2-0: Called Strike
2-1: Swinging Strike
2-2: Ball
3-2: Strikes out swinging
Batting: RHB Ruggiero Veneziano 0-0: Called Strike
0-1: Called Strike
0-2: Single, Error in OF, E7, batter to second base
Batting: LHB Shohei Otani 0-0: Ball
1-0: Called Strike
1-1: DOUBLE (Flyball, 78XD)
Ruggiero Veneziano scores
Batting: LHB Marc Ben 0-0: Ball
1-0: Called Strike
1-1: Ball
2-1: Foul Ball, location: 2F
2-2: Ball
3-2: SINGLE (Groundball, 4MD)
Shohei Otani to third
Runner from 3rd tries for Home, SAFE, no throw
Batting: RHB Thomas Feliciano 0-0: Fly out, F8 (Flyball, 8LXD)
Batting: RHB Qu-bing Thien 0-0: Ball
1-0: Ball
2-0: Called Strike
2-1: Swinging Strike
2-2: Ball
3-2: Hit by Pitch
Marc Ben to second
Batting: RHB Pedro Larate 0-0: Swinging Strike
0-1: Fly out, F9 (Flyball, 89M)
Bottom of the 1st over - 3 runs, 4 hits, 1 error, 2 left on base; Westwood 0 - Ft. Polk South 3
TOP OF THE 2ND
Westwood Sixshooters batting - Pitching for Ft. Polk South Thunder Hawks : LHP Min-chin Kim
Batting: LHB Jorge Corella 0-0: Ball
1-0: Fly out, F5 (Popup, 15)
Batting: SHB Jin-yong Ch'oe 0-0: Ball
1-0: Called Strike
1-1: SINGLE (Groundball, 56) (infield hit)
Batting: SHB Julián Valentín 0-0: Ball
1-0: Ball
2-0: Called Strike
2-1: Fielders Choice at 2nd, 6-4 (Groundball, 6)
Batting: RHB Wallace Bane 0-0: Ball
1-0: Fielders Choice at 2nd, U6 (Groundball, 6M)
Top of the 2nd over - 0 runs, 1 hit, 0 errors, 1 left on base; Westwood 0 - Ft. Polk South 3
BOTTOM OF THE 2ND
Ft. Polk South Thunder Hawks batting - Pitching for Westwood Sixshooters : LHP Gilberto Blanca
Batting: SHB Dong-joo Yu 0-0: Called Strike
0-1: Ball
1-1: Foul Ball, location: 2F
1-2: Ground out 6-3 (Groundball, 6M)
Batting: LHB Augusto Reyes 0-0: Ball
1-0: Called Strike
1-1: Ball
2-1: Ball
3-1: SOLO HOME RUN (Flyball, 9LD), Distance : 335 ft
Batting: LHB Yu Miao 0-0: Fly out, F9 (Flyball, 89S)
Batting: RHB Ruggiero Veneziano 0-0: Ground out 6-3 (Groundball, 6S)
Bottom of the 2nd over - 1 run, 1 hit, 0 errors, 0 left on base; Westwood 0 - Ft. Polk South 4
TOP OF THE 3RD
Westwood Sixshooters batting - Pitching for Ft. Polk South Thunder Hawks : LHP Min-chin Kim
Batting: RHB Bob Kassell 0-0: Ball
1-0: Swinging Strike
1-1: Ball
2-1: Foul Ball, location: 2F
2-2: Ball
3-2: SINGLE (Line Drive, 89S)
Batting: RHB Oki Hai 0-0: Foul Ball, location: 2F
0-1: Ball
1-1: Called Strike
Pickoff Throw by Catcher to First - Error! E2
Bob Kassell to second
1-2: Foul Ball, location: 2F
1-2: Foul Ball, location: 2F
1-2: Ball
2-2: SINGLE (Groundball, 6D)
Bob Kassell to third
Batting: RHB Simone Catalani 0-0: SINGLE (Groundball, 34D)
Bob Kassell scores
Oki Hai to second
Runner from 2nd tries for 3rd, SAFE, no throw
Batting: SHB José Tirado 0-0: Grounds into double play, 6-4-3 (Groundball, 6)
Oki Hai scores
Batting: RHB Mark Merry 0-0: Swinging Strike
0-1: Called Strike
0-2: Ball
1-2: Foul Ball, location: 2F
1-2: Ball
2-2: Ball
3-2: Strikes out swinging
Top of the 3rd over - 2 runs, 3 hits, 1 error, 0 left on base; Westwood 2 - Ft. Polk South 4
BOTTOM OF THE 3RD
Ft. Polk South Thunder Hawks batting - Pitching for Westwood Sixshooters : LHP Gilberto Blanca
Batting: LHB Shohei Otani 0-0: Ball
1-0: Called Strike
1-1: Fly out, F1 (Line Drive, 15)
Batting: LHB Marc Ben 0-0: DOUBLE (Flyball, 8RXD)
Batting: RHB Thomas Feliciano 0-0: Ball
1-0: Ball
2-0: Foul Ball, location: 2F
2-1: Ball
3-1: Base on Balls
Batting: RHB Qu-bing Thien 0-0: SINGLE (Groundball, 56D)
Marc Ben to third
Thomas Feliciano to second
Runner from 3rd tries for Home, SAFE, no throw
Batting: RHB Pedro Larate 0-0: SINGLE (Flyball, 8LS)
Thomas Feliciano to third
Qu-bing Thien to second
Runner from 3rd tries for Home, SAFE, no throw
Batting: SHB Dong-joo Yu 0-0: Ball
1-0: Called Strike
1-1: Fly out, F5 (Popup, 56S)
Batting: LHB Augusto Reyes 0-0: Called Strike
0-1: Foul Ball, location: 2F
0-2: Ball
1-2: Ball
2-2: Ball
3-2: Base on Balls
Qu-bing Thien to third
Pedro Larate to second
Batting: LHB Yu Miao 0-0: Ball
1-0: Swinging Strike
1-1: Foul Ball, location: 2F
1-2: Ball
2-2: SINGLE (Flyball, 8RS)
Qu-bing Thien scores
Pedro Larate to third
Augusto Reyes to second
Runner from 3rd tries for Home, SAFE, no throw
Batting: RHB Ruggiero Veneziano 0-0: Called Strike
0-1: Ball
1-1: Ball
2-1: Foul Ball, location: 2F
2-2: Foul Ball, location: 2F
2-2: Ball
3-2: Ground out 5-3 (Groundball, 56S)
Bottom of the 3rd over - 4 runs, 4 hits, 0 errors, 2 left on base; Westwood 2 - Ft. Polk South 8
TOP OF THE 4TH
Westwood Sixshooters batting - Pitching for Ft. Polk South Thunder Hawks : LHP Min-chin Kim
Batting: LHB Jorge Corella 0-0: Ball
1-0: Ball
2-0: Foul Ball, location: 2F
2-1: Ball
3-1: Swinging Strike
3-2: Foul Ball, location: 2F
3-2: Strikes out looking
Batting: SHB Jin-yong Ch'oe 0-0: Ball
1-0: SINGLE (Groundball, 6D)
Batting: SHB Julián Valentín 0-0: Ball
1-0: Ball
2-0: Fielders Choice at 2nd, 6-4 (Groundball, 6)
Batting: RHB Wallace Bane 0-0: Fielders Choice at 2nd, 6-4 (Groundball, 6)
Top of the 4th over - 0 runs, 1 hit, 0 errors, 1 left on base; Westwood 2 - Ft. Polk South 8
BOTTOM OF THE 4TH
Ft. Polk South Thunder Hawks batting - Pitching for Westwood Sixshooters : LHP Gilberto Blanca
Batting: LHB Shohei Otani 0-0: Foul Ball, location: 2F
0-1: Ball
1-1: SINGLE (Groundball, 4D)
Batting: LHB Marc Ben 0-0: Ball
1-0: Fielders Choice at 2nd, 1-4 (Groundball, 15S)
Batting: RHB Thomas Feliciano 0-0: Called Strike
0-1: Fly out, F5 (Line Drive, 5)
Batting: RHB Qu-bing Thien 0-0: Foul Ball, location: 2F
0-1: Foul Ball, location: 2F
0-2: 2-RUN HOME RUN (Flyball, 78XD), Distance : 386 ft
Batting: RHB Pedro Larate 0-0: Ball
1-0: Called Strike
1-1: Foul Ball, location: 2F
1-2: Foul Ball, location: 2F
1-2: Foul Ball, location: 2F
1-2: Ball
2-2: SINGLE (Line Drive, 9S)
Batting: SHB Dong-joo Yu 0-0: Ball
1-0: Ground out 5-3 (Groundball, 56S)
Bottom of the 4th over - 2 runs, 3 hits, 0 errors, 1 left on base; Westwood 2 - Ft. Polk South 10
TOP OF THE 5TH
Westwood Sixshooters batting - Pitching for Ft. Polk South Thunder Hawks : LHP Min-chin Kim
Batting: RHB Bob Kassell 0-0: Ball
1-0: Called Strike
1-1: Swinging Strike
1-2: Fly out, F7 (Flyball, 78S)
Batting: RHB Oki Hai 0-0: Ball
1-0: Ball
2-0: Foul Ball, location: 2F
2-1: SINGLE (Flyball, 78S)
Pitching: RHP Seong-hyeon Pak
Batting: RHB Simone Catalani 0-0: Ball
1-0: Foul Ball, location: 2F
1-1: Ball
2-1: Ball
3-1: Foul Ball, location: 2F
3-2: Foul Ball, location: 2F
3-2: Fly out, F8 (Flyball, 8LM)
Batting: SHB José Tirado 0-0: Ball
1-0: Fly out, F8 (Line Drive, 8RXD)
Top of the 5th over - 0 runs, 1 hit, 0 errors, 1 left on base; Westwood 2 - Ft. Polk South 10
BOTTOM OF THE 5TH
Ft. Polk South Thunder Hawks batting - Pitching for Westwood Sixshooters : LHP Gilberto Blanca
Batting: LHB Augusto Reyes 0-0: Fly out, F4 (Line Drive, 4)
Batting: LHB Yu Miao 0-0: Ball
1-0: Ball
2-0: Called Strike
2-1: Ball
3-1: Foul Ball, location: 2F
3-2: Strikes out looking
Batting: RHB Ruggiero Veneziano 0-0: Ball
1-0: Fly out, F9 (Flyball, 89M)
Bottom of the 5th over - 0 runs, 0 hits, 0 errors, 0 left on base; Westwood 2 - Ft. Polk South 10
TOP OF THE 6TH
Westwood Sixshooters batting - Pitching for Ft. Polk South Thunder Hawks : RHP Seong-hyeon Pak
Batting: RHB Mark Merry 0-0: Called Strike
0-1: Called Strike
0-2: Strikes out swinging
Batting: LHB Jorge Corella 0-0: Ball
1-0: Called Strike
1-1: Foul Ball, location: 2F
1-2: Foul Ball, location: 2F
1-2: Ball
2-2: Fly out, F7 (Flyball, 78D)
Batting: SHB Jin-yong Ch'oe 0-0: Called Strike
0-1: Fly out, F8 (Line Drive, 89D)
Top of the 6th over - 0 runs, 0 hits, 0 errors, 0 left on base; Westwood 2 - Ft. Polk South 10
BOTTOM OF THE 6TH
Ft. Polk South Thunder Hawks batting - Pitching for Westwood Sixshooters : LHP Gilberto Blanca
Batting: LHB Shohei Otani 0-0: Called Strike
0-1: Fly out, F8 (Flyball, 8RD)
Batting: LHB Marc Ben 0-0: Swinging Strike
0-1: Foul Ball, location: 2F
0-2: Fly out, F6 (Flyball, 56D)
Batting: RHB Thomas Feliciano 0-0: Ball
1-0: Called Strike
1-1: Swinging Strike
1-2: Ground out 2-3 (Groundball, 2R)
Bottom of the 6th over - 0 runs, 0 hits, 0 errors, 0 left on base; Westwood 2 - Ft. Polk South 10
TOP OF THE 7TH
Westwood Sixshooters batting - Pitching for Ft. Polk South Thunder Hawks : RHP Seong-hyeon Pak
Batting: SHB Julián Valentín 0-0: Ball
1-0: Ball
2-0: Called Strike
2-1: Swinging Strike
2-2: SOLO HOME RUN (Flyball, 89XD), Distance : 379 ft
Batting: RHB Wallace Bane 0-0: Ball
1-0: Ball
2-0: Ground out 5-3 (Groundball, 5)
Batting: RHB Bob Kassell 0-0: Called Strike
0-1: Ball
1-1: Foul Ball, location: 2F
1-2: Ball
2-2: Strikes out swinging
Batting: RHB Oki Hai 0-0: Foul Ball, location: 2F
0-1: Foul Ball, location: 2F
0-2: Ball
1-2: Ball
2-2: Ball
3-2: Ground out 1-3 (Groundball, 13S)
Top of the 7th over - 1 run, 1 hit, 0 errors, 0 left on base; Westwood 3 - Ft. Polk South 10
BOTTOM OF THE 7TH
Ft. Polk South Thunder Hawks batting - Pitching for Westwood Sixshooters : LHP Gilberto Blanca
Batting: RHB Qu-bing Thien 0-0: Foul Ball, location: 2F
0-1: Ball
1-1: SOLO HOME RUN (Flyball, 78XD), Distance : 391 ft
Pitching: RHP Brendan Haataja
Batting: RHB Pedro Larate 0-0: Called Strike
0-1: Swinging Strike
0-2: Ball
1-2: Strikes out looking
Batting: SHB Dong-joo Yu 0-0: Called Strike
0-1: Ball
1-1: Ball
2-1: Swinging Strike
2-2: SINGLE (Groundball, 56D)
Batting: LHB Augusto Reyes 0-0: Swinging Strike
0-1: Foul Ball, location: 2F
0-2: DOUBLE (Line Drive, 78D)
Dong-joo Yu to third
Batting: LHB Yu Miao 0-0: Called Strike
0-1: Swinging Strike
0-2: Strikes out looking
Batting: RHB Ruggiero Veneziano 0-0: Ground out 1-3 (Groundball, 15S)
Bottom of the 7th over - 1 run, 3 hits, 0 errors, 2 left on base; Westwood 3 - Ft. Polk South 11
TOP OF THE 8TH
Westwood Sixshooters batting - Pitching for Ft. Polk South Thunder Hawks : RHP Seong-hyeon Pak
Batting: RHB Simone Catalani 0-0: Ball
1-0: Ball
2-0: Ball
3-0: Called Strike
3-1: TRIPLE (Flyball, 89XD)
Batting: SHB José Tirado 0-0: Called Strike
0-1: Ball
1-1: Ball
2-1: Called Strike
2-2: Ball
3-2: Base on Balls
Batting: RHB Mark Merry 0-0: Called Strike
0-1: Ball
1-1: SINGLE (Groundball, 4MD)
Simone Catalani scores
José Tirado to second
Batting: LHB Jorge Corella 0-0: SINGLE (Groundball, 5D)
José Tirado to third
Mark Merry to second
Runner from 3rd tries for Home, SAFE, no throw
Batting: SHB Jin-yong Ch'oe 0-0: Ball
1-0: Foul Ball, location: 2F
1-1: Ball
2-1: Foul Ball, location: 2F
2-2: Fly out, F4 (Line Drive, 4)
Batting: SHB Julián Valentín 0-0: Called Strike
0-1: Ball
1-1: Ball
2-1: Ball
3-1: Swinging Strike
3-2: Ground out 4-3 (Groundball, 34D)
Mark Merry to third
Jorge Corella to second
Batting: RHB Wallace Bane 0-0: Ball
1-0: Called Strike
1-1: Ball
2-1: Fly out, F8 (Flyball, 8LM)
Top of the 8th over - 2 runs, 3 hits, 0 errors, 2 left on base; Westwood 5 - Ft. Polk South 11
BOTTOM OF THE 8TH
Ft. Polk South Thunder Hawks batting - Pitching for Westwood Sixshooters : RHP Brendan Haataja
Batting: LHB Shohei Otani 0-0: Called Strike
0-1: Swinging Strike
0-2: Foul Ball, location: 2F
0-2: Ball
1-2: Ball
2-2: Strikes out swinging
Batting: LHB Marc Ben 0-0: Ball
1-0: Called Strike
1-1: Called Strike
1-2: Ball
2-2: Foul Ball, location: 2F
2-2: Foul Ball, location: 2F
2-2: Ball
3-2: SOLO HOME RUN (Flyball, 9D), Distance : 365 ft
Batting: RHB Thomas Feliciano 0-0: Foul Ball, location: 2F
0-1: Swinging Strike
0-2: Ground out 5-3 (Groundball, 56S)
Batting: RHB Qu-bing Thien 0-0: Ball
1-0: Called Strike
1-1: Ball
2-1: Swinging Strike
2-2: Foul Ball, location: 2F
2-2: Ball
3-2: Base on Balls
Batting: RHB Pedro Larate 0-0: Called Strike
0-1: Ball
1-1: Fly out, F3 (Popup, 3SF)
Bottom of the 8th over - 1 run, 1 hit, 0 errors, 1 left on base; Westwood 5 - Ft. Polk South 12
TOP OF THE 9TH
Westwood Sixshooters batting - Pitching for Ft. Polk South Thunder Hawks : RHP Seong-hyeon Pak
Batting: RHB Bob Kassell 0-0: Ball
1-0: Ball
2-0: Called Strike
2-1: Ball
3-1: Ground out 5-3 (Groundball, 25)
Batting: RHB Oki Hai 0-0: Ball
1-0: Ball
2-0: Called Strike
2-1: Ball
3-1: Called Strike
3-2: Strikes out looking
Batting: RHB Simone Catalani 0-0: Ball
1-0: Ball
2-0: Ball
3-0: Base on Balls
Batting: SHB José Tirado 0-0: Ball
1-0: Called Strike
1-1: Ball
2-1: Ground out 6-3 (Groundball, 6S)
Top of the 9th over - 0 runs, 0 hits, 0 errors, 1 left on base; Westwood 5 - Ft. Polk South 12
Friday, March 29th, 2019 - OOTP Baseball 18.8 Build 76